 Dungeon Crawl Stone Soup version 0.31-a0-662-g684573625c (webtiles) character file.

Game seed: 2632278830573169268

27 cforsyth the Charlatan (level 3, 0/28 HPs)
             Began as a Gnoll Artificer on Aug 31, 2023.
             Succumbed to an adder's poison
             ... on level 2 of the Dungeon.
             The game lasted 00:00:59 (898 turns).

cforsyth the Charlatan (Gnoll Artificer)             Turns: 898, Time: 00:01:00

Health: 0/28       AC:  3    Str: 11    XL:     3   Next: 10%
Magic:  3/3        EV: 12    Int: 12    God:
Gold:   15         SH:  0    Dex: 12    Spells: 3/3 levels left

rFire   . . .        a - +0 club
rCold   . . .        (no shield)
rNeg    . . .        b - +0 leather armour
rPois   .            (no helmet)
rElec   .            (no cloak)
rCorr   .            (no gloves)
SInv    .            (no boots)
Will    .....        (no amulet)
Stlth   ++           (no ring)
HPRegen 0.24/turn    (no ring)
MPRegen 0.08/turn

%: no passive effects
@: lethally poisoned (0 -> -5)
A: fangs 1, strong nose, distributed training
a: no special abilities


You were on level 2 of the Dungeon.
You visited 1 branch of the dungeon, and saw 2 of its levels.

You collected 15 gold pieces.

Inventory:

Hand Weapons
 a - a +0 club (weapon)
Armour
 b - a +0 leather armour (worn)
Jewellery
 f - a ring of flight
Wands
 c - a wand of flame (14) (quivered)
 d - a wand of charming (15)
 e - a wand of iceblast (5)
Scrolls
 j - a scroll of noise {unknown}
 m - a scroll of identify {unknown}
Potions
 g - a potion of berserk rage {unknown}
 h - 3 potions of enlightenment {unknown}
 i - 3 potions of curing {unknown}
 k - a potion of heal wounds {unknown}
 l - a potion of resistance {unknown}
 n - a potion of degeneration {unknown}


   Skills:
 + Level 2.5 Fighting
 + Level 0.6 Short Blades
 + Level 0.6 Long Blades
 + Level 0.6 Axes
 + Level 0.6 Maces & Flails
 + Level 0.6 Polearms
 + Level 0.6 Staves
 + Level 0.6 Ranged Weapons
 + Level 0.6 Throwing
 + Level 4.5 Armour
 + Level 2.5 Dodging
 + Level 2.3 Stealth
 + Level 0.6 Shields
 + Level 0.6 Unarmed Combat
 + Level 0.6 Spellcasting
 + Level 0.4 Conjurations
 + Level 0.4 Hexes
 + Level 0.4 Summonings
 + Level 0.4 Necromancy
 + Level 0.4 Translocations
 + Level 0.4 Transmutations
 + Level 0.4 Fire Magic
 + Level 0.4 Ice Magic
 + Level 0.4 Air Magic
 + Level 0.4 Earth Magic
 + Level 0.4 Poison Magic
 + Level 0.8 Invocations
 + Level 6.5 Evocations
 + Level 0.5 Shapeshifting


You had 3 spell levels left.
You didn't know any spells.
Your spell library was empty.

Dungeon Overview and Level Annotations

Branches:
Dungeon (2/15)

Altars:


Innate Abilities, Weirdness & Mutations

You have very sharp teeth.
Your uncanny sense of smell can sniff out nearby items.
Your experience applies equally to all skills.


Message History

The endoplasm quivers.
The adder bites you. The goblin misses you. The adder barely misses you.
You barely miss the goblin.
The goblin is severely wounded.
The adder bites you.
You are poisoned.
The adder poisons you!
The endoplasm jiggles.
The goblin closely misses you.
You barely miss the goblin.
The goblin is severely wounded.
You feel sick. The adder barely misses you.
The goblin hits you with a +0 dagger. The adder bites you.
You hit the goblin.
You kill the goblin!
You feel sick. The adder closely misses you. The adder barely misses you.
You hit the adder.
The adder is lightly wounded.
You feel sick. The adder closely misses you. The endoplasm freezes you.
You are frozen.
You are too injured to fight recklessly!
You are too injured to fight recklessly!
You are too injured to fight recklessly!
You are too injured to fight recklessly!
You are too injured to fight recklessly!
You are too injured to fight recklessly!
You feel sick.
The endoplasm attacks as it pursues you!
The endoplasm hits you.
* * * LOW HITPOINT WARNING * * *
The adder bites you.
* * * LOW HITPOINT WARNING * * *
You are lethally poisoned!
The adder poisons you!
* * * LOW HITPOINT WARNING * * *
You feel sick.
* * * LOW HITPOINT WARNING * * *
You feel sick.
You die...

#............#
#......#####.#
.######..###.#
.........# #.#
.######.## #.# #.#
#.# #.# #..
..#######.####.###
.......@...!.#....
..#######SJ......!.
#..#.......
#...#.....#
.......).##..#.##
∆#####...## .## #
#..... . #.####∆ .
#.


You could see an adder and an endoplasm.

Vanquished Creatures
  A dart slug (D:1)
  3 endoplasms (D:1)
  A giant cockroach (D:1)
  2 goblins
  3 hobgoblins (D:1)
  4 jackals
  2 quokkas (D:1)
  2 bats (D:1)
  A frilled lizard (D:1)
  A kobold (D:1)
20 creatures vanquished.

Notes
Turn   | Place    | Note
-------+----------+-------------------------------------------
     0 | D:1      | cforsyth the Gnoll Artificer began the quest for the Orb.
     0 | D:1      | Reached XP level 1. HP: 17/17 MP: 1/1
   170 | D:1      | Reached XP level 2. HP: 16/23 MP: 2/2
   750 | D:1      | Reached XP level 3. HP: 8/28 MP: 3/3
   898 | D:2      | Succumbed to an adder's poison

Illustrated notes

Levels and vault maps discovered:
D:1:      psy_arrival_conway, layout_rooms
D:2:      layout_loops_ring, grunt_ministairs_9, nicolae_figureground_pulse

Action                     || total
---------------------------++-------
  Melee: Club              ||    94
         Bite              ||    12
         Punch             ||     1
  Evoke: Wand              ||     1
   Stab: Sleeping          ||     2
 Armour: Leather armour    ||    67
  Dodge: Dodged            ||   109

Table legend: (Time is in decaauts)
 A = Elapsed time spent in this place.
 B = Non-inter-level travel time spent in this place.
 C = Inter-level travel time spent in this place.
 D = Time resting spent in this place.
 E = Time spent auto-exploring this place.
 F = Levels seen in this place.
 G = Mean time per level.
                   A        B        C        D        E       F      G
               +--------+--------+--------+--------+--------+-----+--------+
         Total |    930 |    908 |     22 |      0 |    679 |   2 |  465.0 |
       Dungeon |    930 |    908 |     22 |      0 |    679 |   2 |  465.0 |
               +--------+--------+--------+--------+--------+-----+--------+

Top non-repeatable levels by time:
     D:1: 891 daAuts
     D:2: 39 daAuts
